General information
- name: BNet
- type: Ladder team game (AT/RT)
- host: Battle.net
- saver: ELF-BOY.
map: Mur'gulOasis
- players: 8
- length: 36:02
- speed: Fast
- version: 1.26 W3XP
- replay type: Public
» download(208 KB)
Players
team 1 (loser)

»
new.acc2 (
blue | 158 APM | 3449 actions | 21:51)
4 Archmage
2 Blizzard
2 Brilliance Aura
2 Blood Mage
1 Flame Strike
1 Siphon Mana
» actions
| Assign group hotkey | 128 | |
| Basic commands | 184 | |
| Build / train | 84 | |
| ESC pressed | 3 | |
| Enter build submenu | 26 | |
| Enter hero's abilities submenu | 6 | |
| Right click | 837 | |
| Select / deselect | 367 | |
| Select group hotkey | 1728 | |
| Use ability | 86 | |
3449 total
» units
| Peasant | 19 | |
| Footman | 17 | |
| Sorceress | 9 | |
| Priest | 1 | |
| Spell Breaker | 6 | |
52 total
» upgrades
| Lumber Harvesting | 1 | |
| Sorceress Training | 2 | |
3 total
» buildings
| Farm | 9 | |
| Altar of Kings | 1 | |
| Barracks | 1 | |
| Scout Tower | 1 | |
| Arcane Tower | 2 | |
| Arcane Vault | 1 | |
| Keep | 4 | |
| Lumber Mill | 1 | |
| Blacksmith | 1 | |
| Arcane Sanctum | 3 | |
| Castle | 1 | |
| Town Hall | 3 | |
28 total
» build order
00:12 Farm
00:14 Altar of Kings
00:23 Farm
00:24 Barracks
01:42 Farm
02:05 Scout Tower
02:32 Arcane Tower
02:33 Arcane Tower
03:16 Arcane Vault
03:49 Farm
03:52 Keep
03:53 Keep
03:53 Keep
04:29 Lumber Mill
05:02 Farm
05:29 Blacksmith
07:30 Arcane Sanctum
07:32 Castle
07:34 Arcane Sanctum
07:37 Arcane Sanctum
10:03 Farm
10:37 Farm
11:53 Farm
13:35 Farm
20:14 Town Hall
20:17 Town Hall
21:05 Town Hall
» items
| Scroll of Regeneration | 3 | |
| Potion of Healing | 3 | |
| Scroll of Town Portal | 1 | |
| Lesser Clarity Potion | 1 | |
8 total

»
DreaMz. (
green | 41 APM | 804 actions | 19:36)
3 Priestess of the Moon
2 Trueshot Aura
1 Searing Arrows
2 Keeper of the Grove
1 Entangling Roots
1 Thorns Aura
» actions
| Assign group hotkey | 19 | |
| Basic commands | 36 | |
| Build / train | 47 | |
| Enter build submenu | 12 | |
| Enter hero's abilities submenu | 6 | |
| Remove unit from queue | 1 | |
| Right click | 350 | |
| Select / deselect | 182 | |
| Select group hotkey | 118 | |
| Use ability | 33 | |
804 total
» units
| Wisp | 10 | |
| Archer | 12 | |
| Hippogryph | 10 | |
32 total
» upgrades
| Hippogryph Taming | 1 | |
| Strength of the Moon | 2 | |
| Moon Armor | 1 | |
4 total
» buildings
| Altar of Elders | 1 | |
| Moon Well | 5 | |
| Ancient of War | 2 | |
| Tree of Ages | 1 | |
| Ancient of Wind | 1 | |
| Tree of Life | 1 | |
| Tree of Eternity | 1 | |
| Hunter's Hall | 1 | |
13 total
» build order
00:22 Altar of Elders
00:36 Moon Well
01:36 Ancient of War
01:37 Ancient of War
01:42 Moon Well
02:34 Moon Well
04:34 Tree of Ages
07:38 Ancient of Wind
09:01 Moon Well
09:09 Moon Well
10:21 Tree of Life
10:33 Tree of Eternity
10:39 Hunter's Hall
» items
SPQR (
pink | 68 APM | 2467 actions | 36:01)
10 Blood Mage
3 Flame Strike
3 Siphon Mana
1 Summon Phoenix
3 Banish
» actions
| Assign group hotkey | 420 | |
| Basic commands | 31 | |
| Build / train | 81 | |
| Enter build submenu | 37 | |
| Enter hero's abilities submenu | 10 | |
| Give item / drop item | 5 | |
| Right click | 1170 | |
| Select / deselect | 353 | |
| Select group hotkey | 204 | |
| Use ability | 156 | |
2467 total
» units
| Peasant | 10 | |
| Footman | 7 | |
| Sorceress | 3 | |
| Dragonhawk Rider | 4 | |
24 total
» upgrades
| Lumber Harvesting | 2 | |
| Masonry | 3 | |
| Sorceress Training | 1 | |
| Magic Sentry | 1 | |
| Animal War Training | 1 | |
| Swords | 1 | |
| Armor | 1 | |
10 total
» buildings
| Altar of Kings | 1 | |
| Barracks | 1 | |
| Farm | 5 | |
| Arcane Vault | 1 | |
| Keep | 3 | |
| Lumber Mill | 2 | |
| Arcane Sanctum | 2 | |
| Scout Tower | 33 | |
| Castle | 1 | |
| Gryphon Aviary | 2 | |
| Guard Tower | 8 | |
| Town Hall | 1 | |
| Arcane Tower | 1 | |
| Blacksmith | 2 | |
63 total
» build order
00:38 Altar of Kings
00:53 Barracks
00:56 Farm
01:06 Farm
01:08 Farm
01:59 Farm
03:05 Arcane Vault
03:17 Keep
03:17 Keep
04:06 Lumber Mill
04:08 Farm
05:46 Arcane Sanctum
07:28 Scout Tower
07:28 Scout Tower
07:29 Scout Tower
07:29 Scout Tower
07:57 Castle
07:59 Gryphon Aviary
08:00 Gryphon Aviary
08:05 Guard Tower
08:24 Arcane Sanctum
11:32 Town Hall
11:34 Scout Tower
11:34 Scout Tower
11:35 Scout Tower
11:35 Scout Tower
11:36 Scout Tower
11:36 Scout Tower
11:37 Scout Tower
11:37 Scout Tower
11:38 Scout Tower
11:39 Scout Tower
11:40 Scout Tower
11:40 Scout Tower
11:43 Scout Tower
12:21 Guard Tower
12:21 Guard Tower
12:39 Guard Tower
13:14 Guard Tower
13:21 Scout Tower
13:22 Scout Tower
13:22 Scout Tower
13:22 Scout Tower
13:24 Scout Tower
13:25 Scout Tower
13:25 Scout Tower
13:25 Scout Tower
13:26 Scout Tower
14:45 Guard Tower
14:48 Arcane Tower
14:53 Guard Tower
17:31 Lumber Mill
17:37 Scout Tower
17:38 Scout Tower
17:38 Scout Tower
17:57 Scout Tower
17:57 Scout Tower
17:58 Scout Tower
19:54 Guard Tower
22:44 Blacksmith
22:46 Blacksmith
» items
| Scroll of Regeneration | 6 | |
| Boots of Speed | 1 | |
| Potion of Invisibility | 1 | |
| Periapt of Vitality | 1 | |
| Staff of Teleportation | 2 | |
| Potion of Healing | 4 | |
| Potion of Mana | 2 | |
| Scroll of Town Portal | 5 | |
| Lesser Clarity Potion | 1 | |
23 total
thunderdome (
teal | 66 APM | 1104 actions | 16:44)
4 Mountain King
2 Storm Bolt
1 Bash
1 Thunder Clap
2 Paladin
1 Holy Light
1 Divine Shield
» actions
| Assign group hotkey | 17 | |
| Build / train | 48 | |
| Enter build submenu | 24 | |
| Enter hero's abilities submenu | 6 | |
| Give item / drop item | 1 | |
| Remove unit from queue | 1 | |
| Right click | 371 | |
| Select / deselect | 360 | |
| Select group hotkey | 206 | |
| Use ability | 68 | |
1104 total
» units
| Peasant | 7 | |
| Footman | 12 | |
| Giant Sea Turtle | 1 | |
| Knight | 1 | |
21 total
» upgrades
| Defend | 1 | |
| Lumber Harvesting | 1 | |
| Swords | 1 | |
| Plating | 1 | |
| Masonry | 2 | |
| Animal War Training | 1 | |
7 total
» buildings
| Farm | 10 | |
| Barracks | 2 | |
| Altar of Kings | 2 | |
| Scout Tower | 2 | |
| Arcane Tower | 1 | |
| Arcane Vault | 1 | |
| Lumber Mill | 2 | |
| Keep | 1 | |
| Blacksmith | 1 | |
| Castle | 1 | |
| Guard Tower | 1 | |
24 total
» build order
00:26 Farm
00:32 Barracks
01:00 Altar of Kings
01:26 Barracks
01:41 Farm
02:22 Farm
02:37 Farm
02:45 Scout Tower
03:22 Arcane Tower
04:00 Arcane Vault
04:42 Lumber Mill
05:27 Keep
05:31 Farm
05:33 Farm
05:55 Farm
07:37 Farm
08:22 Blacksmith
10:18 Castle
11:20 Scout Tower
11:58 Guard Tower
13:27 Farm
16:12 Altar of Kings
16:14 Farm
16:16 Lumber Mill
» items
| Scroll of Regeneration | 3 | |
| Lesser Clarity Potion | 1 | |
| Scroll of Town Portal | 2 | |
| Orb of Fire | 1 | |
7 total
team 2 (winner)

»
gargola (
yellow | 23 APM | 829 actions | 36:01)
5 Keeper of the Grove
3 Entangling Roots
2 Thorns Aura
4 Priestess of the Moon
2 Trueshot Aura
1 Searing Arrows
1 Scout
» actions
| Basic commands | 96 | |
| Build / train | 91 | |
| Enter build submenu | 24 | |
| Enter hero's abilities submenu | 9 | |
| Remove unit from queue | 3 | |
| Right click | 161 | |
| Select / deselect | 383 | |
| Use ability | 62 | |
829 total
» units
| Wisp | 19 | |
| Archer | 8 | |
| Huntress | 10 | |
| Dryad | 19 | |
| Glaive Thrower | 9 | |
65 total
» upgrades
| Strength of the Moon | 2 | |
| Strength of the Wild | 3 | |
| Abolish Magic | 1 | |
| Improved Bows | 0 | |
| Vorpal Blades | 1 | |
| Reinforced Hides | 1 | |
| Ultravision | 1 | |
| Well Spring | 1 | |
10 total
» buildings
| Moon Well | 8 | |
| Altar of Elders | 1 | |
| Ancient of War | 8 | |
| Hunter's Hall | 1 | |
| Tree of Ages | 1 | |
| Ancient Protector | 1 | |
| Ancient of Lore | 1 | |
| Tree of Eternity | 1 | |
| Tree of Life | 2 | |
| Ancient of Wind | 1 | |
25 total
» build order
00:20 Moon Well
00:32 Altar of Elders
00:43 Ancient of War
01:35 Moon Well
02:02 Ancient of War
02:06 Ancient of War
02:34 Hunter's Hall
03:16 Moon Well
04:31 Tree of Ages
04:52 Moon Well
06:04 Ancient Protector
06:54 Ancient of Lore
07:36 Moon Well
08:09 Ancient of War
08:35 Moon Well
13:05 Tree of Eternity
16:12 Moon Well
16:26 Moon Well
17:48 Tree of Life
20:56 Ancient of Wind
21:50 Ancient of War
22:29 Ancient of War
22:41 Ancient of War
23:48 Tree of Life
24:15 Ancient of War

»
MyNameCuey (
purple | 56 APM | 1484 actions | 26:29)
5 Tauren Chieftain
2 War Stomp
3 Endurance Aura
4 Shadow Hunter
2 Healing Wave
2 Hex
» actions
| Assign group hotkey | 7 | |
| Build / train | 48 | |
| Enter build submenu | 26 | |
| Enter hero's abilities submenu | 9 | |
| Remove unit from queue | 2 | |
| Right click | 741 | |
| Select / deselect | 415 | |
| Select group hotkey | 122 | |
| Use ability | 114 | |
1484 total
» units
| Peon | 10 | |
| Grunt | 4 | |
| Tauren | 5 | |
| Shaman | 5 | |
24 total
» upgrades
| Armor | 1 | |
| Melee Weapons | 1 | |
| Shaman Training | 2 | |
| Pulverize | 1 | |
5 total
» buildings
| Orc Burrow | 9 | |
| Altar of Storms | 1 | |
| Barracks | 1 | |
| War Mill | 1 | |
| Voodoo Lounge | 1 | |
| Watch Tower | 6 | |
| Stronghold | 1 | |
| Fortress | 1 | |
| Spirit Lodge | 1 | |
| Tauren Totem | 2 | |
| Great Hall | 1 | |
25 total
» build order
00:16 Orc Burrow
00:19 Altar of Storms
00:43 Barracks
01:23 War Mill
01:41 Orc Burrow
02:31 Voodoo Lounge
02:44 Watch Tower
03:19 Watch Tower
03:42 Orc Burrow
04:31 Stronghold
04:47 Orc Burrow
04:59 Watch Tower
05:22 Orc Burrow
06:06 Watch Tower
07:12 Fortress
07:17 Watch Tower
07:24 Spirit Lodge
07:38 Orc Burrow
08:25 Watch Tower
09:37 Tauren Totem
09:45 Tauren Totem
21:55 Great Hall
22:09 Orc Burrow
22:28 Orc Burrow
22:46 Orc Burrow
» items
| Healing Salve | 1 | |
| Scroll of Town Portal | 1 | |
| Potion of Healing | 1 | |
| Potion of Mana | 1 | |
4 total
50thacct (
orange | 18 APM | 491 actions | 26:34)
4 Death Knight
2 Death Coil
2 Unholy Aura
» actions
| Basic commands | 7 | |
| Build / train | 40 | |
| Enter build submenu | 14 | |
| Enter hero's abilities submenu | 4 | |
| Right click | 137 | |
| Select / deselect | 263 | |
| Use ability | 26 | |
491 total
» units
| Acolyte | 17 | |
| Ghoul | 8 | |
| Frost Wyrm | 4 | |
29 total
» upgrades
| Creature Attack | 1 | |
| Freezing Breath | 1 | |
2 total
» buildings
| Altar of Darkness | 1 | |
| Ziggurat | 5 | |
| Crypt | 1 | |
| Graveyard | 1 | |
| Halls of the Dead | 1 | |
| Sacrificial Pit | 1 | |
| Black Citadel | 1 | |
| Boneyard | 1 | |
| Tomb of Relics | 1 | |
13 total
» build order
00:14 Altar of Darkness
00:18 Ziggurat
00:41 Crypt
01:06 Graveyard
01:26 Ziggurat
03:02 Halls of the Dead
03:47 Ziggurat
05:32 Sacrificial Pit
05:40 Black Citadel
06:05 Ziggurat
08:10 Boneyard
10:34 Tomb of Relics
11:16 Ziggurat
» items
| Scroll of Town Portal | 1 | |
| Orb of Corruption | 1 | |
2 total
ELF-BOY. (
red | 66 APM | 2375 actions | 36:02)
4 Blademaster
2 Wind Walk
2 Critical Strike
3 Shadow Hunter
2 Hex
1 Healing Wave
» actions
| Assign group hotkey | 36 | |
| Basic commands | 186 | |
| Build / train | 64 | |
| Enter build submenu | 24 | |
| Enter hero's abilities submenu | 7 | |
| Give item / drop item | 8 | |
| Right click | 892 | |
| Select / deselect | 274 | |
| Select group hotkey | 788 | |
| Use ability | 96 | |
2375 total
» units
| Peon | 14 | |
| Grunt | 5 | |
| Wind Rider | 6 | |
| Raider | 2 | |
27 total
» upgrades
| Reinforced Defenses | 1 | |
| Envenomed Spears | 1 | |
| Liquid Fire | 1 | |
| Ranged Weapons | 2 | |
| Armor | 2 | |
7 total
» buildings
| Altar of Storms | 1 | |
| Orc Burrow | 9 | |
| Barracks | 1 | |
| Voodoo Lounge | 1 | |
| Stronghold | 2 | |
| War Mill | 1 | |
| Watch Tower | 21 | |
| Beastiary | 4 | |
| Fortress | 2 | |
| Great Hall | 1 | |
43 total
» build order
00:07 Altar of Storms
00:19 Orc Burrow
00:37 Barracks
01:26 Orc Burrow
01:58 Voodoo Lounge
02:55 Stronghold
02:55 Stronghold
03:32 Orc Burrow
04:27 War Mill
04:45 Orc Burrow
05:55 Watch Tower
05:56 Watch Tower
05:57 Watch Tower
05:57 Watch Tower
05:58 Watch Tower
05:59 Watch Tower
06:30 Watch Tower
06:30 Watch Tower
06:31 Watch Tower
08:12 Beastiary
08:55 Beastiary
09:47 Fortress
09:47 Fortress
11:16 Watch Tower
11:16 Watch Tower
11:16 Watch Tower
11:18 Watch Tower
11:19 Watch Tower
11:19 Watch Tower
13:52 Orc Burrow
13:52 Orc Burrow
14:56 Orc Burrow
15:05 Orc Burrow
15:25 Watch Tower
15:26 Watch Tower
16:05 Orc Burrow
16:40 Beastiary
17:55 Great Hall
19:28 Watch Tower
19:28 Watch Tower
19:29 Watch Tower
22:39 Beastiary
23:46 Watch Tower
» items
| Healing Salve | 4 | |
| Lesser Clarity Potion | 1 | |
| Potion of Lesser Invulnerability | 2 | |
| Boots of Speed | 1 | |
| Scroll of Healing | 1 | |
| Potion of Healing | 1 | |
| Staff of Teleportation | 2 | |
12 total
Chat log
(00:22 / Allies) MyNameCuey: units?
(00:27 / All) SPQR: I'LL GO ANYWHERE YOU GO ALL THE WAY ALL THE WAY
(00:28 / Allies) ELF-BOY.: bats wyverns
(00:28 / All) SPQR: OH OH OH
(00:56 / All) ELF-BOY.: shut up noob pink
(01:04 / All) DreaMz.: thats not nice
(01:07 / Allies) MyNameCuey: i'll go melee then
(02:06 / All) SPQR: orange what team were you on
(02:08 / All) SPQR: last game
(02:11 / All) SPQR: with the tanks and chippos
(02:55 / All) SPQR: orange speak to me you silly little freak
(03:06 / All) MyNameCuey: not his style
(05:29 / Allies) ELF-BOY.: they hitting
(06:05 / Allies) ELF-BOY.: tp
(06:14 / Allies) ELF-BOY.: tp
(06:17 / Allies) MyNameCuey: one sec
(07:33 / Allies) ELF-BOY.: wood
(07:50 / Allies) ELF-BOY.: wood guys
(08:02 / Allies) ELF-BOY.: orange u have 1k god damn wood
(08:34 / All) SPQR: Orange WHAT TEAM WERE YOU ON LAST GAME?
(08:40 / All) MyNameCuey: he doesn't talk
(08:41 / All) SPQR: FUCK YOU TOO
(08:49 / All) SPQR: FAGGOT ASS BITCH
(09:04 / All) SPQR: I think he was on my team
(09:05 / All) SPQR: he sucks ass
(09:26 / Allies) ELF-BOY.: WOOD GUYS
(09:55 / Allies) MyNameCuey: dude i have 60 wood
(11:23 / Allies) ELF-BOY.: b
(13:25 / Allies) MyNameCuey: gold?
(13:34 / Allies) ELF-BOY.: wood
(13:57 / Allies) MyNameCuey: gold
(14:09 / All) SPQR: Hahahaha
(14:22 / Allies) MyNameCuey: gold
(14:22 / All) SPQR: HAHAHAHA ORANGE
(14:24 / All) SPQR: HAHAHAHAHAHA
(15:02 / Allies) MyNameCuey: red
(15:09 / Allies) ELF-BOY.: what
(17:03 / All) MyNameCuey: GET IT PINK
(17:28 / Allies) ELF-BOY.: wodo plz
(17:30 / Allies) ELF-BOY.: so ic an expo
(17:42 / Allies) MyNameCuey: gold so i can expo
(17:42 / All) SPQR: lawl
(17:42 / Allies) MyNameCuey: fucker
(17:48 / All) SPQR: green is so mad
(17:54 / Allies) MyNameCuey: i gave you wood and now gold from you
(18:03 / Allies) ELF-BOY.: dude ur base is gone
(18:04 / Allies) ELF-BOY.: no offense
(18:05 / All) SPQR: That so?
(18:06 / Allies) MyNameCuey: you have 2k gold
(18:22 / Allies) MyNameCuey: dude no offense where the fuck you been
(19:01 / All) SPQR: C'MON BIRDY
(21:08 / Allies) MyNameCuey: 100 gold
(21:23 / Allies) MyNameCuey: ty yellow
(21:59 / Allies) MyNameCuey: need mana
(22:04 / All) SPQR: Orange you are talented
(22:15 / All) SPQR: come stop me baby
(22:53 / Allies) ELF-BOY.: wood purple
(22:54 / Allies) MyNameCuey: haha red
(22:56 / All) SPQR: green was so mad lol
(23:01 / All) MyNameCuey: red is tking me
(23:09 / All) ELF-BOY.: no im not
(23:11 / All) SPQR: that so?
(23:12 / All) ELF-BOY.: u just need to give me wood
(23:36 / All) ELF-BOY.: give me ur wood
(23:37 / All) ELF-BOY.: purple
(23:37 / All) ELF-BOY.: now
(23:45 / All) MyNameCuey: give me gold
(23:50 / All) ELF-BOY.: wrong answer
(23:51 / All) ELF-BOY.: purple
(24:14 / Allies) MyNameCuey: lol so nub
(24:38 / All) SPQR: WTF!
(24:47 / All) SPQR: shade?
(25:14 / Allies) MyNameCuey: lol red you're so bad
(25:15 / All) ELF-BOY.: purp is dead
(26:58 / All) SPQR: dumb unresponsive hero
(27:26 / All) ELF-BOY.: well my team is out of it
(27:27 / All) SPQR: yellow 8-2 lol
(27:29 / All) ELF-BOY.: standoff?
(27:32 / All) ELF-BOY.: blue vs yellow?
(27:34 / All) SPQR: my team left
(27:37 / All) ELF-BOY.: 15-9 vs 8-2
(27:42 / All) ELF-BOY.: oh
(27:43 / All) SPQR: blue left
(27:43 / All) ELF-BOY.: he loses
(27:50 / All) SPQR: SPQR!
(28:38 / All) SPQR: keep it there
(29:06 / All) SPQR: did you kill my phoenix
(29:07 / All) ELF-BOY.: how pissed was green
(29:10 / All) ELF-BOY.: dont think so
(29:16 / All) SPQR: very pissed lolw
(29:23 / All) SPQR: and he logged off so I couldn't whisper him
(29:34 / All) ELF-BOY.: i raped his hero in first battle not sure if that influenced him some
(29:43 / All) SPQR: the maddest I've ever seen someone on here other than me lawl
(29:44 / All) ELF-BOY.: kill wyverns
(29:46 / All) ELF-BOY.: wow
(29:48 / All) ELF-BOY.: upload
(29:49 / All) ELF-BOY.: have to see
(30:36 / All) ELF-BOY.: how did u wipe out purp so quick
(30:45 / All) SPQR: level 5 BM bro
(30:49 / All) SPQR: then got level 6
(30:50 / All) ELF-BOY.: he kept saying i was bad when i was killing him
(30:56 / All) SPQR: lawl
(31:05 / All) SPQR: I killed all of his peons and burrows iwth level 5 bm
(31:08 / All) ELF-BOY.: definitelyu upload i mus tsee
(31:18 / All) ELF-BOY.: cuey was in our game on fullscale where u dc'd
(31:19 / All) ELF-BOY.: he was blue
(31:28 / All) SPQR: I've played him a lot
(31:40 / All) SPQR: I've raped him with blood mage before
(31:42 / All) SPQR: a few times I think
(32:19 / All) ELF-BOY.: i guess yellow really wants the iwn
(32:20 / All) SPQR: yellow saying anything?
(32:25 / All) ELF-BOY.: hes a mute
(32:28 / All) SPQR: yeah he is 8-2
(32:28 / All) ELF-BOY.: purple talked a lot
(32:31 / All) ELF-BOY.: orange said nothing
(32:35 / All) SPQR: profile him after game
(32:36 / All) ELF-BOY.: he had so much wood and gave me nothing
(33:03 / All) SPQR: he puts those towers in the dumbest places
(33:20 / All) SPQR: dumb hooker
(33:38 / All) ELF-BOY.: cant do that with rod
(33:40 / All) ELF-BOY.: or he'll leave
(33:46 / All) SPQR: lawl
(34:10 / All) SPQR: I just kill you later if you do manage to get me
(34:11 / All) ELF-BOY.: yellow i know ur here
(34:17 / All) ELF-BOY.: at least admit we played you good
(34:21 / All) ELF-BOY.: in a manner of speakign
(34:28 / All) ELF-BOY.: admire what we did
(34:31 / All) ELF-BOY.: 2v6
(35:02 / All) ELF-BOY.: one building
(35:09 / All) ELF-BOY.: id prefer if ur team lose but yellow is being unreasonable
(35:13 / All) SPQR: the expo situation was funny
(35:17 / All) SPQR: save it
(35:22 / All) SPQR: eve speak at all?
(35:27 / All) SPQR: He speak at all?
(35:28 / All) ELF-BOY.: no im gonna end it
(35:30 / All) ELF-BOY.: ok?
(35:33 / All) SPQR: but green
(35:35 / All) SPQR: I want to say
(35:36 / All) SPQR: lol
(35:39 / All) SPQR: I was like you expoing there?
(35:44 / All) SPQR: he's like no I'm taking it!
(35:48 / All) ELF-BOY.: upload ur side i want to see it
(35:51 / All) SPQR: then I reported that he was expoing after I towered mine
(35:55 / All) SPQR: k
(35:56 / All) ELF-BOY.: im finishing last building
(35:59 / All) SPQR: k